FIQ, neutral male scurrid Tourist | |}------ |}}}}}}| |.....}| |.....}| |.....}+ ---...H.}| |*}..}.r}| -..}}}}}}| |}------ | FIQ the Rambler Experience level: 1 Strength: 9 Dexterity: 12 Constitution: 14 Intelligence: 14 Wisdom: 8 Charisma: 18 Health: 0(9) Energy: 2(2) Def: 0 Gold: 1091 Moves: 141 Dungeon seed: K9MJOrtRdRmKro4Q Game ID: FIQ_1498600793 Your Inventory: Coins $ - 1091 gold pieces Weapons a - 36 uncursed thoroughly rusty +2 darts (in quiver) Armor e - an uncursed +0 Hawaiian shirt (being worn) Comestibles b - 2 uncursed food rations c - an uncursed cream pie d - 3 uncursed chestnuts f - an uncursed candy bar g - 2 uncursed tins of lichen h - 2 uncursed tins of spinach i - an uncursed tripe ration Scrolls k - 3 uncursed scrolls of blank paper l - a blessed scroll of blank paper Potions j - 2 uncursed potions of water Rings q - a cursed -1 ring of protection Wands o - an uncursed thoroughly rusty wand of secret door detection (0:12) Tools m - an uncursed expensive camera (0:53) n - an uncursed credit card p - an uncursed thoroughly rusty tin opener Spells and supernatural/magical abilities: Name Level Category Fail Memory W - pray for help -- divine ? -- Your skills at the end: Miscellaneous Skills wands [Basic] Weapon Skills dart [Basic] Spellcasting Skills Final Attributes: You were devoutly aligned. You had infravision. You were very stealthy. You are dead. Voluntary challenges: You went without food. You did not adorn yourself with jewelry or accessories. You did not cause conflict. You were not invisible. You did not have reflection. You were not displaced. You were an atheist. You never hit with a wielded weapon. You were a pacifist. You did not use tools. You did not use plumbed fixtures. You did not drink any magical draughts. You were illiterate. You never genocided any monsters. You never polymorphed an object. You never changed form. You used no wishes. You never split a pudding. You never wrote Elbereth's name. You never violated your personal moral code. Dungeon overview: The Dungeons of Doom: levels 1 to 28 Level 1 a long staircase Level 2 Level 3 Level 4 a fountain Level 5 Level 6 Level 7 Level 8 Level 9 Level 10 Level 11 Level 12 Level 13 Level 14 Level 15 a fountain Level 16 Level 17 Level 18 Level 19 a fountain Level 20 Level 21 Level 22 Level 23 Level 24 Level 25 Level 26 Level 27 Level 28 <- You were here History has recorded: On T:1 you entered the Dungeons of Doom to retrieve the Amulet of Yendor! On T:4 you reached level 2 of The Dungeons of Doom. On T:7 you reached level 3 of The Dungeons of Doom. On T:9 you reached level 4 of The Dungeons of Doom. On T:46 you reached level 5 of The Dungeons of Doom. On T:49 you reached level 6 of The Dungeons of Doom. On T:51 you reached level 7 of The Dungeons of Doom. On T:53 you reached level 8 of The Dungeons of Doom. On T:55 you reached level 9 of The Dungeons of Doom. On T:58 you reached level 10 of The Dungeons of Doom. On T:60 you reached level 11 of The Dungeons of Doom. On T:62 you reached level 12 of The Dungeons of Doom. On T:64 you reached level 13 of The Dungeons of Doom. On T:70 you reached level 15 of The Dungeons of Doom. On T:73 you reached level 16 of The Dungeons of Doom. On T:73 you entered the Rogue tribute level. On T:75 you reached level 17 of The Dungeons of Doom. On T:77 you reached level 18 of The Dungeons of Doom. On T:79 you reached level 19 of The Dungeons of Doom. On T:82 you reached level 20 of The Dungeons of Doom. On T:84 you reached level 21 of The Dungeons of Doom. On T:86 you reached level 22 of The Dungeons of Doom. On T:90 you reached level 23 of The Dungeons of Doom. On T:92 you reached level 24 of The Dungeons of Doom. On T:94 you reached level 25 of The Dungeons of Doom. On T:97 you reached level 26 of The Dungeons of Doom. On T:99 you reached level 27 of The Dungeons of Doom. On T:101 you reached The Castle. Score breakdown: Gold: 333 ( 33 points) Experience: 1 level ( 0 points) Exploration: 28 levels ( 810 points) Discoveries: 4 items ( 200 points) Variety of kills: 0 monsters ( 0 points) Major goal: (nothing yet) ( 0 points) Survival: died (score multiplied by 3) Total score: 3129 Latest messages: That command is only available in debug mode. You fall into the water! You sink like a rock. You try to crawl out of the water. Pheew! That was close. That command is only available in debug mode. You fall into the water! You sink like a rock. You try to crawl out of the water. Pheew! That was close. That command is only available in debug mode. You fall into the water! You sink like a rock. You try to crawl out of the water. Pheew! That was close. That command is only available in debug mode. You fall into the water! You sink like a rock. You try to crawl out of the water. Pheew! That was close. That command is only available in debug mode. You fall into the water! You sink like a rock. You try to crawl out of the water. Pheew! That was close. The minotaur punches you! You die... Final status: Aloha FIQ the Tourist, killed by a minotaur... You died in The Dungeons of Doom on dungeon level 28 with 3129 points, and 1091 pieces of gold, after 141 moves. You were level 1 with a maximum of 9 hit points when you died.